 Dungeon Crawl Stone Soup version 0.29-a0-757-g358383bc75 (webtiles) character file.

Game seed: 9671519039783151997

558 gobodom the Grave Robber (level 7, 0/47 HPs)
             Began as a Demonspawn Necromancer on July 1, 2022.
             Was a Believer of Makhleb.
             Slain by an unseen horror (9 damage)
             ... on level 5 of the Dungeon.
             The game lasted 00:16:55 (3789 turns).

gobodom the Grave Robber (Demonspawn Necromancer)   Turns: 3789, Time: 00:16:56

Health: 0/47       AC:  3    Str: 10    XL:     7   Next: 9%
Magic:  13/13      EV: 12    Int: 17    God:    Makhleb [**....]
Gold:   157        SH:  6    Dex: 13    Spells: 11/15 levels left

rFire   . . .      SeeInvis .   v - +3 quarterstaff (chaos)
rCold   . . .      Faith    .   (shield currently unavailable)
rNeg    . . .      Spirit   .   a - +0 robe
rPois   .          Reflect  .   (helmet restricted)
rElec   .          Harm     .   w - +0 cloak
rCorr   .          Rampage  .   (no gloves)
Will    .....                   (no boots)
Stlth   ++........              (no amulet)
HPRegen 0.15/turn               (no ring)
MPRegen 0.26/turn               (no ring)

@: mighty
A: horns 1, large bone plates 2, powered by pain 1, magic regeneration
a: Renounce Religion, Minor Destruction


You were on level 5 of the Dungeon.
You worshipped Makhleb.
Makhleb was pleased with you.
You visited 1 branch of the dungeon, and saw 5 of its levels.

You collected 157 gold pieces.

Inventory:

Hand Weapons
 v - a +3 quarterstaff of chaos (weapon)
 x - a +2 hand axe of venom
 y - a +2 hand axe of draining
 z - a +2 vorpal mace
Missiles
 h - 4 poisoned darts
 q - 3 boomerangs
Armour
 a - a +0 robe (worn)
 w - a +0 cloak (worn)
Jewellery
 p - a ring of flight
 s - an amulet of faith
Wands
 t - a wand of flame (6)
Scrolls
 c - 3 scrolls of teleportation
 e - a scroll of amnesia {unknown}
 g - a scroll of magic mapping
 i - 3 scrolls of enchant weapon
 j - a scroll of immolation {unknown}
 k - a scroll of enchant armour {unknown}
 l - 2 scrolls of poison
 n - a scroll of noise {unknown}
 o - a scroll of vulnerability {unknown}
 A - a scroll of fear {unknown}
Potions
 b - 2 potions of magic
 d - a potion of heal wounds
 f - a potion of cancellation {unknown}
 m - a potion of attraction
 r - 2 potions of curing
 u - a potion of lignification


   Skills:
 + Level 0.7 Fighting
 + Level 1.2 Staves
 + Level 2.1 Dodging
 + Level 2.8 Stealth
 + Level 0.3 Shields
 + Level 4.6 Spellcasting
 + Level 6.6 Necromancy
 * Level 1.1 Invocations
 * Level 1.0 Evocations


You had 11 spell levels left.
You knew the following spells:

 Your Spells              Type           Power      Damage    Failure   Level
a - Necrotize             Necr           100%       1d9       1%          1
b - Vampiric Draining     Necr           26%        2d7       3%          3

Your spell library contained the following spells:

 Spells                   Type           Power      Damage    Failure   Level
 Animate Dead             Necr           26%        N/A       10%         4
 Shock                    Conj/Air       12%        1d3       16%         1
 Agony                    Necr           26%        N/A       26%         5
 Swiftness                Air            3%         N/A       41%         3
 Airstrike                Air            1%         N/A       83%         4


Dungeon Overview and Level Annotations

Branches:
Dungeon (6/15)
 Temple: D:4-7

Altars:
Makhleb
Uskayaw
The Shining One


Innate Abilities, Weirdness & Mutations

You have a pair of small horns on your head.
You are mostly covered in large bone plates. (SH +6)
You sometimes gain a little power by taking damage.
You regenerate magic rapidly.


Message History

Something hits your hound skeleton!
Your hound skeleton is destroyed!
You see here 15 gold pieces.
Something hits you.
You see here a potion of magic.
b - 2 potions of magic (gained 1)
Something hits you.
* * * LOW HITPOINT WARNING * * *
You sock something! You freeze something. Something hits you!
* * * LOW HITPOINT WARNING * * *
You focus on the pain.
You feel very mighty all of a sudden.
You feel much better. Something hits you. Something hits you.
You block something's attack.
You see here 15 gold pieces.
You now have 157 gold pieces (gained 15).
You block something's attack. Something completely misses you.
Something barely misses you. Something hits you.
You see here a potion of heal wounds.
d - 2 potions of heal wounds (gained 1)
Something hits you.
* * * LOW HITPOINT WARNING * * *
Something hits you.
* * * LOW HITPOINT WARNING * * *
You feel much better. Something hits you. Something hits you!
There is a stone staircase leading up, spattered with blood here.
Something hits you but does no damage.
You climb upwards.
Reactivating autopickup.
There is a stone staircase leading down here.
Something hits you but does no damage.
Deactivating autopickup; reactivate with Ctrl-A.
Something hits you!
* * * LOW HITPOINT WARNING * * *
Something hits you!
You die...

........#...#..####........#.#.##
#.......#.⌠.#.####..)......#.#.##
#####.#.#.8.#................#...
.# #...#.⌠.#...................#
.# #...#...#.####...............
.## #...#...#.............)......
..# #...##'##.##..>....).........
#.###...#...#....................
#......##.#.###.@................
.......#.###.##.<..#..#..........
.##...##.#.#.###......#..........
......#.##.##.#..................
.....##.#...#.##....#.#####...)..
.###[#.##...##.#[.....##.........
.# #.#.#.....#.#......#..[.......
.# #..................<..........
####.......^.....................


There were no monsters in sight!

Vanquished Creatures
  Menkaure (D:5)
  An ice beast (D:5)
  A necrophage (D:5)
  2 hounds
  Crazy Yiuf (D:2)
  An iguana (D:5)
  Natasha (D:3)
  An orc wizard (D:5)
  4 adders (D:5)
  2 worms
  5 dart slugs
  11 orcs
  4 endoplasms
  5 hobgoblins
  4 jackals (D:5)
  2 quokkas
  2 ball pythons (D:1)
  11 bats
  A frilled lizard (D:1)
  5 goblins
  3 kobolds
  3 rats
71 creatures vanquished.

Vanquished Creatures (collateral kills)
  A dart slug (D:1)
  A bat (D:1)
  An endoplasm (D:1)
3 creatures vanquished.

Grand Total: 74 creatures vanquished

Notes
Turn   | Place    | Note
-------+----------+-------------------------------------------
     0 | D:1      | gobodom the Demonspawn Necromancer began the quest for the
                  | Orb.
     0 | D:1      | Reached XP level 1. HP: 13/13 MP: 3/3
   376 | D:1      | Gained mutation: You have a pair of small horns on your
                  | head. [demonic ancestry]
   376 | D:1      | Reached XP level 2. HP: 19/19 MP: 0/5
   918 | D:1      | Reached skill level 5 in Necromancy
  1162 | D:2      | Gained mutation: You are partially covered in large bone
                  | plates. (SH +4) [demonic ancestry]
  1162 | D:2      | Reached XP level 3. HP: 22/24 MP: 4/6
  1628 | D:2      | Found a faded altar of an unknown god.
  1644 | D:2      | Prayed at the altar of an unknown god.
  1644 | D:2      | Became a worshipper of Makhleb the Destroyer
  1644 | D:2      | Reached * piety under Makhleb
  1959 | D:2      | Found a runed translucent door.
  1960 | D:2      | Noticed Crazy Yiuf
  2132 | D:2      | Killed Crazy Yiuf
  2133 | D:2      | Gained mutation: You regenerate magic rapidly. [demonic
                  | ancestry]
  2133 | D:2      | Reached XP level 4. HP: 8/30 MP: 1/8
  2478 | D:3      | Noticed Natasha
  2491 | D:3      | Killed Natasha
  2491 | D:3      | Reached ** piety under Makhleb
  2664 | D:3      | You fall into a shaft and drop 2 floors!
  2664 | D:5      | Entered Level 5 of the Dungeon
  2674 | D:5      | Gained mutation: You sometimes gain a little power by
                  | taking damage. [demonic ancestry]
  2674 | D:5      | Reached XP level 5. HP: 35/35 MP: 6/10
  2753 | D:5      | Reached skill level 6 in Necromancy
  2757 | D:5      | Learned a level 3 spell: Vampiric Draining
  2891 | D:5      | Noticed an ice beast
  2901 | D:5      | Killed an ice beast
  2902 | D:5      | Reached XP level 6. HP: 30/42 MP: 7/12
  3029 | D:5      | Found a hide-covered altar of Uskayaw.
  3033 | D:5      | Noticed Menkaure
  3055 | D:5      | Killed Menkaure
  3056 | D:5      | Reached skill level 1 in Staves
  3056 | D:5      | Reached skill level 1 in Invocations
  3433 | D:5      | Gained mutation: You are mostly covered in large bone
                  | plates. (SH +6) [demonic ancestry]
  3433 | D:5      | Reached XP level 7. HP: 40/47 MP: 5/13
  3686 | D:5      | Reached skill level 1 in Evocations
  3789 | D:5      | Slain by an unseen horror

Illustrated notes

Levels and vault maps discovered:
D:1:      dpeg_arrival_boxorama, layout_basic
D:2:      layout_basic, basic_altar, shapermc_ecumenical_altar_mp_urbaneastern,
          st_stairs_12, nicolae_kite_square_tiling_tiny, uniq_crazy_yiuf_cottage
D:3:      layout_basic, mainiacjoe_overflow_cross_hatched,
          small_statue_intersection, minmay_statues_item,
          nicolae_figureground_pulse, uniq_natasha
D:5:      layout_rooms, eat_drink_and_be_merry_uskayaw,
          mainiacjoe_overflow_tiny_flanked, serial_corexii_hall,
          chequers_hall_statues_y, corexii_hall_statues_x, grunt_decor_clamped,
          uniq_menkaure
D:6:      layout_cave_pods

Skill      XL: |  1  2  3  4  5  6  7 |
---------------+----------------------+-----
Necromancy     | 5 6 |  6.6
Dodging        | 2 |  2.1
Spellcasting   | 3 4 |  4.6
Stealth        | 2 |  2.8
Staves         | 1 |  1.2
Invocations    | 1 |  1.1
Evocations     | 1 |  1.0
Fighting       | |  0.7
Shields        | |  0.3

Action                   |  1- 3 |  4- 6 |  7- 9 || total
-------------------------+-------+-------+-------++-------
Melee: Unarmed           |    15 |       |       ||    15
       Dagger            |    14 |       |       ||    14
       Headbutt          |     2 |     7 |       ||     9
       Quarterstaff      |       |    28 |     2 ||    30
 Cast: Necrotize         |    60 |    60 |     5 ||   125
       Vampiric Draining |       |     3 |     1 ||     4
  Use: Scroll            |       |     7 |       ||     7
       Potion            |       |     2 |     2 ||     4
 Stab: Sleeping          |     1 |       |       ||     1
Armor: Robe              |    19 |    11 |     3 ||    33
Dodge: Dodged            |    46 |    27 |     3 ||    76
Block: Other             |     3 |     6 |     4 ||    13

Table legend: (Time is in decaauts)
 A = Elapsed time spent in this place.
 B = Non-inter-level travel time spent in this place.
 C = Inter-level travel time spent in this place.
 D = Time resting spent in this place.
 E = Time spent auto-exploring this place.
 F = Levels seen in this place.
 G = Mean time per level.
                   A        B        C        D        E       F      G
               +--------+--------+--------+--------+--------+-----+--------+
         Total |   3797 |   3741 |     56 |     63 |   2948 |   5 |  759.4 |
       Dungeon |   3797 |   3741 |     56 |     63 |   2948 |   5 |  759.4 |
               +--------+--------+--------+--------+--------+-----+--------+

Top non-repeatable levels by time:
     D:1: 1116 daAuts
     D:5: 1100 daAuts
     D:2: 1072 daAuts
     D:3: 475 daAuts
     D:6: 31 daAuts
